 Dungeon Crawl Stone Soup version 0.30-a0-777-ga9a30cbeda (webtiles) character file.

Game seed: 6441302287976373303

1640 themarg the Stinger (level 8, -3/47 (55) HPs)
             Began as an Octopode Venom Mage on Feb 13, 2023.
             Was an Initiate of Vehumet.
             Slain by an orc warrior
             ... wielding a +0 short sword
              (12 damage)
             ... on level 8 of the Dungeon.
             The game lasted 00:28:44 (7646 turns).

themarg the Stinger (Octopode Venom Mage)           Turns: 7646, Time: 00:28:45

HP:   -3/47 (55)    AC:  1    Str:  8    XL:     8   Next: 99%
MP:   3/15          EV: 14    Int: 19    God:    Vehumet [......]
Gold: 289           SH:  5    Dex: 12    Spells: 7/17 levels left

rFire   . . .      SeeInvis .    a - +4 short sword
rCold   . . .      Faith    .    (no shield)
rNeg    . . .      Spirit   .    (helmet restricted)
rPois   .          Reflect  +    u - amulet of reflection
rElec   .          Harm     .    d - ring of flight
rCorr   .          Rampage  .    (no ring)
Will    .....                    (no ring)
Stlth   +++                      (no ring)
HPRegen 0.27/turn                (no ring)
MPRegen 0.14/turn                (no ring)
                                 (no ring)
                                 (no ring)

@: flying, heavily drained
A: almost no armour, amphibious, 8 rings, camouflage 1, gelatinous body 1,
(nimble swimmer 1), tentacles
a: Renounce Religion


You were on level 8 of the Dungeon.
You worshipped Vehumet.
Vehumet was noncommittal.
You visited 2 branches of the dungeon, and saw 9 of its levels.

You collected 289 gold pieces.

Inventory:

Hand Weapons
 a - a +4 short sword (weapon)
 g - a +0 vampiric dagger
 q - a +1 sling of freezing
 y - a +1 dagger of venom
Missiles
 k - 8 boomerangs
 l - 8 poisoned darts
 o - 68 stones
 A - 7 curare-tipped darts
Magical Staves
 b - a staff of conjuration
 h - a staff of fire
Jewellery
 d - a ring of flight (left tentacle)
 u - an amulet of reflection (around mantle)
Wands
 r - a wand of light (6)
 C - a wand of charming (9)
Scrolls
 c - 2 scrolls of fog
 e - a scroll of teleportation {unknown}
 f - 3 scrolls of amnesia
 p - 2 scrolls of immolation
 s - 3 scrolls of enchant weapon
 z - 2 scrolls of fear {unknown}
 D - a scroll of noise {unknown}
 G - a scroll of torment {unknown}
Potions
 j - 2 potions of ambrosia
 m - 2 potions of mutation
 n - a potion of berserk rage
 t - 3 potions of haste
 v - 4 potions of might
 w - a potion of attraction
 x - a potion of cancellation {unknown}
 B - a potion of brilliance {unknown}
 E - a potion of heal wounds {unknown}
 F - a potion of curing


   Skills:
 - Level 5.0 Fighting
 + Level 1.8 Throwing
 - Level 5.0 Dodging
 - Level 3.0 Stealth
 - Level 5.0 Spellcasting
 - Level 2.0 Conjurations
 - Level 2.9 Transmutations
 - Level 3.0 Air Magic
 + Level 5.6 Poison Magic
 + Level 2.0 Evocations


You had 7 spell levels left.
You knew the following spells:

 Your Spells              Type           Power      Damage    Failure   Level
a - Sting                 Tmut/Pois      80%        1d7       2%          1
b - Poisonous Vapours     Pois/Air       42%        N/A       3%          2
c - Mephitic Cloud        Conj/Pois/Air  18%        N/A       9%          3
d - Olgreb's Toxic Radia  Pois           26%        N/A       12%         4

Your spell library contained the following spells:

 Spells                   Type           Power      Damage    Failure   Level
 Beastly Appendage        Tmut           30%        N/A       3%          1
 Wereblood                Tmut           15%        N/A       6%          2
 Spider Form              Tmut/Pois      20%        N/A       6%          3
 Lesser Beckoning         Tloc           8%         N/A       19%         2
 Gell's Gravitas          Tloc           4%         N/A       36%         3
 Summon Guardian Golem    Hex/Summ       4%         N/A       36%         3
 Teleport Other           Tloc           4%         N/A       36%         3
 Orb of Destruction       Conj           6%         9d6       100%        7
 Spellforged Servitor     Conj/Summ      4%         N/A       100%        7


Dungeon Overview and Level Annotations

Branches:
Dungeon (8/15)             Temple (1/1) D:6
   Lair: D:8-11

Altars:
Ashenzari
Cheibriados
Gozag
Hepliaklqana
Makhleb
Nemelex Xobeh
Okawaru
Qazlal
Sif Muna
Trog
Vehumet
Wu Jian
Xom
Yredelemnul
The Shining One

Annotations:
D:2 exclusion: orc wizard
D:3 3 runed translucent doors, exclusion: 3 doors, Natasha; octoduck's ghost, amateur MfTm
D:4 Edmund
D:6 exclusion: phantom
D:8 Joseph


Innate Abilities, Weirdness & Mutations

You cannot wear most types of armour.
You are amphibious.
You can wear up to eight rings at the same time.
Your skin changes colour to match your surroundings (Stealth+).
Your rubbery body absorbs attacks. (AC +1, EV +1)
((You are camouflaged when in or above water. (Stealth+)))
You have tentacles for arms and can constrict up to eight enemies at once.


Message History

The orc warrior escapes!
You barely miss the orc warrior. You grab the orc warrior.
The orc warrior is severely wounded.
You constrict the orc warrior.
The orc warrior escapes!
The orc completely misses you.
You closely miss the orc. You grab the orc.
You tentacle-slap the orc, but do no damage.
You constrict the orc, but do no damage.
You block the orc's attack.
You hit the orc.
The orc is moderately wounded.
You constrict the orc, but do no damage.
The orc hits you with a +0 dagger.
* * * LOW HITPOINT WARNING * * *
You hit the orc.
The orc is severely wounded.
You constrict the orc. The orc hits you with a +0 dagger.
* * * LOW HITPOINT WARNING * * *
You hit the orc.
You kill the orc!
Vehumet accepts your kill.
You hit Joseph. You grab Joseph. You squeeze Joseph!
Joseph is heavily wounded.
You constrict Joseph, but do no damage. Joseph screams, "I'll kill you anyway!"
Joseph struggles to escape constriction.
You hit Joseph. Your squeeze misses Joseph.
Joseph is heavily wounded.
You constrict Joseph.
Joseph escapes!
You hit the orc warrior but do no damage.
You grab the orc warrior.
You tentacle-slap the orc warrior, but do no damage.
The orc warrior is severely wounded.
You constrict the orc warrior, but do no damage.
The orc warrior hits Joseph with a +0 short sword!
You hit the orc warrior but do no damage.
The orc warrior is severely wounded.
You constrict the orc warrior.
The orc warrior hits you with a +0 short sword!
You die...

###########
##.........##
#...........##
.......).....##
......@@o.....#
...............
<......).......
...............
...............
......./......#
#...........###
###.....:.###


You could see Joseph (confused, very poisoned) and an orc warrior (confused).

Vanquished Creatures
  A steam dragon (D:7)
  2 water moccasins
  A black bear (D:7)
  An ice beast (D:6)
  2 ogres
  A centaur (D:7)
  A kobold brigand (D:6)
  A necrophage (D:4)
  5 scorpions
  2 jellies
  4 hounds
  Ijyb (D:5)
  An iguana (D:5)
  An orc wizard (D:8)
  Robin (D:3)
  7 adders
  A white imp (D:7)
  2 ufetubi
  3 worms
  2 dart slugs
  6 orcs
  5 ball pythons
  4 endoplasms
  6 giant cockroaches
  14 goblins
  12 hobgoblins
  17 kobolds
  A quokka (D:3)
  3 bats
  A frilled lizard (D:1)
  4 rats
113 creatures vanquished.

Notes
Turn   | Place    | Note
-------+----------+-------------------------------------------
     0 | D:1      | themarg the Octopode Venom Mage began the quest for the
                  | Orb.
     0 | D:1      | Reached XP level 1. HP: 11/11 MP: 3/3
   237 | D:1      | Reached XP level 2. HP: 17/17 MP: 3/5
   240 | D:1      | Learned a level 2 spell: Poisonous Vapours
   881 | D:1      | Reached XP level 3. HP: 21/21 MP: 2/6
   932 | D:1      | Reached skill level 1 in Air Magic
  2139 | D:3      | Found a runed translucent gate.
  2139 | D:3      | Found a runed translucent gate.
  2139 | D:3      | Found a runed translucent gate.
  2146 | D:3      | Reached XP level 4. HP: 27/27 MP: 4/7
  2222 | D:3      | Noticed Natasha
  2554 | D:3      | You are sucked into a shaft and drop 2 floors!
  2554 | D:5      | Entered Level 5 of the Dungeon
  2593 | D:5      | Noticed Ijyb
  2611 | D:5      | Killed Ijyb
  2703 | D:5      | Reached XP level 5. HP: 31/31 MP: 2/9
  2829 | D:5      | Noticed a water moccasin
  3135 | D:3      | Noticed Robin
  3154 | D:3      | Killed Robin
  3468 | D:3      | Noticed octoduck's ghost (amateur MfTm)
  3612 | D:4      | Reached skill level 1 in Fighting
  3755 | D:4      | Reached XP level 6. HP: 31/38 MP: 5/10
  4142 | D:4      | Noticed Edmund
  4371 | D:5      | Reached skill level 1 in Conjurations
  4701 | D:5      | Killed a water moccasin
  4702 | D:5      | Reached skill level 5 in Poison Magic
  4702 | D:5      | Reached XP level 7. HP: 45/45 MP: 11/11
  5193 | D:5      | Learned a level 3 spell: Mephitic Cloud
  5534 | D:6      | Reached XP level 8. HP: 30/54 MP: 3/13
  6304 | D:6      | Reached skill level 5 in Dodging
  6405 | D:6      | Found a staircase to the Ecumenical Temple.
  6483 | Temple   | Entered the Ecumenical Temple
  6490 | Temple   | Became a worshipper of Vehumet
  6670 | D:7      | Reached skill level 5 in Fighting
  6777 | D:7      | Reached skill level 5 in Spellcasting
  6869 | D:7      | Reached skill level 1 in Throwing
  6869 | D:7      | Reached skill level 1 in Evocations
  7427 | D:7      | Learned a level 4 spell: Olgreb's Toxic Radiance
  7438 | D:8      | Noticed Joseph
  7451 | D:8      | HP: 1/50 [Joseph/sling bullet (3)]
  7646 | D:8      | Slain by an orc warrior

Illustrated notes

Levels and vault maps discovered:
D:1:      shiori_arrival_maze, layout_basic, item_on_display_b
D:2:      layout_basic
D:3:      layout_rooms, gammafunk_ghost_necromancy, uniq_natasha, uniq_robin
D:4:      layout_gridville, st_stairs_7, uniq_edmund
D:5:      layout_cave_pods, uniq_ijyb
D:6:      layout_loops_ring, minmay_temple_entry_poolview
D:7:      layout_gridville
D:8:      layout_cave_pods, nicolae_dithmenos_shadow_blocks, zin_treasury,
          uniq_joseph
Temple:   nicolae_temple_no_exploring_needed

Skill      XL: |  1  2  3  4  5  6  7  8 |
---------------+-------------------------+-----
Stealth        | 3 |  3.0
Poison Magic   | 4 5 |  5.6
Air Magic      | 1 2 3 |  3.0
Transmutations | 2 |  2.9
Spellcasting   | 3 5 |  5.0
Fighting       | 1 2 4 5 |  5.0
Conjurations   | 1 2 |  2.0
Dodging        | 3 4 5 |  5.0
Throwing       | 1 |  1.8
Evocations     | 2 |  2.0

Action                     |  1- 3 |  4- 6 |  7- 9 || total
---------------------------+-------+-------+-------++-------
  Melee: Dagger            |    12 |       |       ||    12
         Constrict         |    11 |    14 |    16 ||    41
         Tentacles         |     5 |    17 |    22 ||    44
         Short sword       |    23 |    70 |    85 ||   178
         Punch             |       |     1 |     4 ||     5
         Staff             |       |       |     1 ||     1
   Cast: Sting             |    18 |    12 |     9 ||    39
         Poisonous Vapours |    32 |    48 |    40 ||   120
         Mephitic Cloud    |       |       |    13 ||    13
  Evoke: Wand              |       |     4 |     4 ||     8
    Use: Scroll            |       |     9 |     3 ||    12
         Potion            |       |     1 |     1 ||     2
   Stab: Sleeping          |       |     1 |     1 ||     2
         Invisible         |       |     1 |       ||     1
         Confused          |       |       |     3 ||     3
 Armour: Skin              |     1 |     3 |     2 ||     6
  Dodge: Dodged            |    17 |    48 |    45 ||   110
  Block: Other             |       |     9 |    19 ||    28
         Reflection        |       |       |     2 ||     2

Table legend: (Time is in decaauts)
 A = Elapsed time spent in this place.
 B = Non-inter-level travel time spent in this place.
 C = Inter-level travel time spent in this place.
 D = Time resting spent in this place.
 E = Time spent auto-exploring this place.
 F = Levels seen in this place.
 G = Mean time per level.
                   A        B        C        D        E       F      G
               +--------+--------+--------+--------+--------+-----+--------+
         Total |   7644 |   7428 |    216 |   1100 |   4949 |   9 |  849.3 |
       Dungeon |   7629 |   7413 |    216 |   1100 |   4949 |   8 |  953.6 |
        Temple |     14 |     14 |      0 |      0 |      0 |   1 |   14.0 |
               +--------+--------+--------+--------+--------+-----+--------+

Top non-repeatable levels by time:
     D:6: 1282 daAuts
     D:3: 1259 daAuts
     D:5: 1258 daAuts
     D:1: 1128 daAuts
     D:7: 1070 daAuts
     D:2: 882 daAuts
     D:4: 711 daAuts
     D:8: 36 daAuts
  Temple: 14 daAuts
